AoeStats
← Gary038202

Oasis

509828986Analyzed
4v4 RM · 5d ago on Sep 28, 2026· 22m 51s· 8 players
Game mode
Random Map
Map size
Large (8 player)
Population
200
Speed
Normal
Resources
Standard
Victory
Conquest
Starting age
Dark Age
Ending age
Imperial Age
RankedLock teamsTeams togetherTeam positionsShared explorationLock speedFull tech treeHidden civsTurbo modeCheats
Victory
Defeat
🇹🇼 Lithuanians · Taiwan
1025
+15
🇦🇺 Huns · Australia
967
+18
🇵🇪 Maya · Peru
966
+18
🇮🇹 Huns · Italy
938
+19
🇹🇼 Teutons · Taiwan
1028
-18
🇨🇳 Byzantines · China
1015
-18
🇭🇰 Vikings · Hong Kong SAR China
996
-17
🇨🇳 Khmer · China
987
-17
素
6:05 Loom
8:10 Loom
11:36 Feudal Age
12:13 Horse Collar
20:07 Castle Age
18:35 Double-Bit Axe
18:46 Stone Mining
18:52 Fletching
19:33 Gold Mining
22:56 Bow Saw
笙箫楠兮
7:14 Loom
10:17 Feudal Age
13:00 Wheelbarrow
12:41 Double-Bit Axe
18:28 Castle Age
20:13 Horse Collar
20:47 Bow Saw
Isaac_void
6:59 Loom
9:16 Feudal Age
9:54 Double-Bit Axe
9:58 Horse Collar
19:48 Castle Age
装糖阴一手
0:38 Loom
12:53 Feudal Age
13:41 Double-Bit Axe
13:38 Horse Collar
Guli
1:21 Loom
11:29 Feudal Age
11:50 Horse Collar
11:56 Double-Bit Axe
18:07 Fletching
19:47 Padded Archer Armor
23:50 Castle Age
Miccit88
10:46 Feudal Age
11:31 Horse Collar
11:41 Double-Bit Axe
18:49 Loom
22:56 Castle Age
21:26 Gold Mining
21:29 Stone Mining
21:57 Forging
Gary038202
10:48 Feudal Age
11:53 Double-Bit Axe
14:41 Castle Age
12:54 Horse Collar
15:37 Bow Saw
15:37 Loom
15:55 Heavy Plow
Crazy Rocket Sodawala of Ajmer
9:09 Loom
11:49 Feudal Age
15:21 Bloodlines
20:14 Scale Barding Armor
20:43 Forging
21:25 Horse Collar
22:24 Wheelbarrow
21:55 Double-Bit Axe
Connection lost

Rejoining the realm…

Still unreachable

The connection could not be restored.

Session expired

The server has moved on; the page needs a fresh start.